 Dungeon Crawl Stone Soup version 0.29.0-4-gdea44cf6ec (webtiles) character file.

Game seed: 13518592581191189232

49 qw the Sneak (level 3, -5/23 HPs)
             Began as a Gargoyle Delver on Sept 10, 2022.
             Slain by an iguana (6 damage)
             ... on level 4 of the Dungeon.
             The game lasted 00:00:21 (541 turns).

qw the Sneak (Gargoyle Delver)                       Turns: 541, Time: 00:00:22

Health: -5/23      AC:  8    Str: 17    XL:     3   Next: 77%
Magic:  3/3        EV: 10    Int: 10    God:
Gold:   18         SH:  3    Dex: 11    Spells: 2/2 levels left

rFire   . . .      SeeInvis .   Y - +0 hand axe
rCold   . . .      Faith    .   b - +0 buckler
rNeg    + . .      Spirit   .   d - +0 ring mail
rPois   inf        Reflect  .   (no helmet)
rElec   +          Harm     .   (no cloak)
rCorr   .          Rampage  .   (no gloves)
Will    .....                   (no boots)
Stlth   ++........              (no amulet)
HPRegen 0.07/turn               (no ring)
MPRegen 0.08/turn               (no ring)

@: no status effects
A: sickness immunity, AC +3, negative energy resistance 1, electricity
resistance, torment resistance 1, petrification resistance
a: no special abilities


You were on level 4 of the Dungeon.
You visited 1 branch of the dungeon, and saw 2 of its levels.

You collected 18 gold pieces.


Innate Abilities, Weirdness & Mutations

You are immune to sickness and miasma.
Your stone body is resilient. (AC +3)
You are immune to poison.
You resist negative energy. (rN+)
You are resistant to electric shocks. (rElec)
You are resistant to unholy torment.
You are immune to petrification.


   Skills:
 - Level 3.2 Fighting
 - Level 3.6 Axes
 - Level 1.5 Dodging
 - Level 5.4 Stealth
 + Level 0.2 Shields


You had 2 spell levels left.
You didn't know any spells.
Your spell library was empty.

Inventory:

Hand Weapons
 e - a +0 club
 Y - a +0 hand axe (weapon)
Armour
 b - a +0 buckler (worn)
 d - a +0 ring mail (worn)
Wands
 g - a wand of digging (3)
Scrolls
 a - 2 scrolls of summoning {unknown}
 c - a scroll of noise {unknown}
Potions
 f - a potion of haste

Dungeon Overview and Level Annotations

Branches:
Dungeon (5/15)
 Temple: D:4-7

Altars:

Shops:
D:5 [


Message History

The giant cockroach barely misses you.
You completely miss the ball python.
The ball python is severely wounded.
You hit the giant cockroach. You block the ball python's attack.
The ball python constricts you. The giant cockroach closely misses you.
You hit the ball python.
You kill the ball python!
You hit the giant cockroach.
You kill the giant cockroach!
Things that are here:
a +0 club; a giant cockroach corpse; a goblin corpse
c - a scroll labelled SUMIT JEKA An iguana comes into view.
The iguana hisses angrily.
Enter note: An endoplasm comes into view.
532 ||| Stepping ~*~*~tactically~*~*~ (stealth).
533 ||| Stepping ~*~*~tactically~*~*~ (stealth).
You barely miss the iguana. You block the iguana's attack.
The endoplasm quivers.
You hit the iguana.
The iguana is lightly wounded.
The iguana bites you!
You barely miss the iguana. The iguana bites you.
You barely miss the iguana. The iguana bites you.
You slash the iguana!
The iguana is heavily wounded.
The iguana bites you.
You hit the iguana but do no damage.
The iguana is heavily wounded.
You block the iguana's attack.
The iguana bites you but does no damage.
You hit the iguana.
The iguana is heavily wounded.
The iguana bites you.
You die...

.. ######...
....###@.......
.....Jl.#######
....###.### ..
#...# ###.##
##...# ##.#.###
##.#.##.## .
##.#.##.#.## .


You could see an iguana and an endoplasm.

Vanquished Creatures
  An adder (D:4)
  3 endoplasms (D:4)
  2 giant cockroaches (D:4)
  2 goblins (D:4)
  2 jackals (D:4)
  2 quokkas (D:4)
  A ball python (D:4)
  3 kobolds (D:4)
16 creatures vanquished.

Vanquished Creatures (others)
  A scorpion (D:4)
1 creature vanquished.

Grand Total: 17 creatures vanquished

Notes
Turn   | Place    | Note
-------+----------+-------------------------------------------
     0 | D:5      | qw the Gargoyle Delver began the quest for the Orb.
     0 | D:5      | Reached XP level 1. HP: 14/14 MP: 1/1
     0 | D:5      | 0 ||| qw: Version: 0.1-a-116-g5d60599
     0 | D:5      | 0 ||| qw: Game counter: 8096
     0 | D:5      | 0 ||| qw: Always use a shield: true
     0 | D:5      | 0 ||| qw: God list: Okawaru
     0 | D:5      | 0 ||| qw: Allow faded altars: false
     0 | D:5      | 0 ||| qw: Do Orc after D:15 true
     0 | D:5      | 0 ||| qw: Do second Lair branch before Depths: true
     0 | D:5      | 0 ||| qw: Lair rune preference: random
     0 | D:5      | 0 ||| qw: Plans: Normal
     0 | D:5      | 0 ||| PLANNING D:1-11
     0 | D:5      | 0 ||| DROPPING scroll of fog.
     1 | D:5      | 1 ||| DROPPING scroll of magic mapping.
     2 | D:5      | 2 ||| DROPPING scroll of fear.
     8 | D:4      | Noticed a scorpion
    15 | D:4      | Killed a scorpion
    16 | D:4      | Reached skill level 3 in Axes
    16 | D:4      | Reached XP level 2. HP: 14/19 MP: 2/2
    17 | D:4      | Reached XP level 3. HP: 16/23 MP: 3/3
   221 | D:4      | 221 ||| Stepping ~*~*~tactically~*~*~ (stealth).
   340 | D:4      | 340 ||| UPGRADING to +0 ring mail.
   350 | D:4      | 350 ||| DROPPING +0 leather armour.
   351 | D:4      | 351 ||| READING scroll labelled KAKIVU RIEKK.
   352 | D:4      | 352 ||| Stepping randomly (stuck).
   353 | D:4      | 353 ||| Stepping randomly (stuck).
   379 | D:4      | 379 ||| Stepping randomly (stuck).
   381 | D:4      | 381 ||| Stepping randomly (stuck).
   382 | D:4      | 382 ||| Stepping randomly (stuck).
   393 | D:4      | 393 ||| Stepping randomly (stuck).
   394 | D:4      | 394 ||| Stepping ~*~*~tactically~*~*~ (stealth).
   399 | D:4      | 399 ||| Stepping ~*~*~tactically~*~*~ (stealth).
   402 | D:4      | 402 ||| Stepping randomly (stuck).
   403 | D:4      | 403 ||| Stepping randomly (stuck).
   404 | D:4      | 404 ||| Stepping randomly (stuck).
   486 | D:4      | 486 ||| UPGRADING to +0 buckler.
   532 | D:4      | 532 ||| Stepping ~*~*~tactically~*~*~ (stealth).
   533 | D:4      | 533 ||| Stepping ~*~*~tactically~*~*~ (stealth).
   539 | D:4      | HP: 1/23 [iguana (6)]
   541 | D:4      | Slain by an iguana

Levels and vault maps discovered:
D:4:      minmay_inner_zag, layout_cave_pods, kennysheep_mini_moat,
          temple_green, chequers_hall_statues_wall_a, nicolae_shop_clearance
D:5:      layout_rooms, general_overflow_altar, nicolae_stop_n_shop_1,
          uniq_edmund

Skill      XL: |  1 |
---------------+----+-----
Axes           | 3 |  3.6
Fighting       | |  3.2
Dodging        | |  1.5
Stealth        | |  5.4
Shields        | |  0.2

Action                   || total
-------------------------++-------
Melee: Hand axe          ||    63
       Punch             ||     1
  Use: Scroll            ||     1
Armor: Leather armour    ||    15
       Ring mail         ||    17
Dodge: Dodged            ||    42
Block: Buckler           ||     3

Table legend:
 A = Non-vault XP
 B = Vault XP
 C = Vault XP percentage of total XP
 D = Non-vault monster count
 E = Vault monster count
 F = Vault count percentage of total count
                 A         B        C        D         E       F
            +---------+---------+-------+---------+---------+-------
      Total |      59 |      12 |  16.9 |      10 |       7 |  41.2
            +---------+---------+-------+---------+---------+-------
        D:4 |      59 |      12 |  16.9 |      10 |       7 |  41.2
            +---------+---------+-------+---------+---------+-------
